Map: Cosmic Sapphire

Players

Rhizer - Winner!

  • Race: Protoss Protoss
  • Spawn Location: 11:00

Reaper

  • Race: Zerg Zerg
  • Spawn Location: 5:00

Event: DreamHack SC2 Masters 2022 Atlanta (Offline)

VOD

Have the link to the VOD?

Description

Time

  • Played on: Nov. 18, 2022, 2:12 p.m.
  • Length: 9:22

All games in this series

Show
View Real Time Build Order
Export as new Build Order

Rhizer Protoss - Winner!

Build Orders:  

Get SALT Encoding   

  12  0:00  Probe  
  13  0:12  Probe  
  14  0:17  Pylon  
  14  0:24  Probe (Chrono Boost)  
  15  0:36  Probe (Chrono Boost)  
  15  0:38  Gateway  
  16  0:45  Probe (Chrono Boost)  
  16  0:47  Assimilator  
  17  0:51  Probe  
  18  1:03  Probe, Assimilator  
  19  1:09  Gateway  
  19  1:15  Probe  
  20  1:27  Cybernetics Core  
  20  1:29  Probe  
  21  1:35  Pylon  
  23  1:40  Zealot  
  23  1:53  Probe  
  24  2:03  Stalker  
  24  2:06  Stalker  
  24  2:08  Warp Gate (Chrono Boost)  
  28  2:09  Probe  
  29  2:17  Pylon  
  29  2:29  Robotics Facility  
  29  2:38  Stalker  
  30  2:48  Shield Battery  
  30  2:51  Stalker  
  30  2:58  Probe  
  33  3:03  Pylon  
  33  3:10  Sentry  
  35  3:20  Immortal (Chrono Boost)  
  39  3:27  Probe  
  40  3:45  Probe  
  41  3:49  Warp Prism (Chrono Boost)  
  41  3:51  Pylon  
  41  3:53  Sentry  
  45  3:57  Probe  
  46  4:13  Adept  
  46  4:14  Probe  
  46  4:16  Pylon  
  49  4:23  Adept  
  47  4:40  Immortal  
  47  4:41  Sentry  
  47  4:43  Sentry  
  52  4:57  Gateway  
  51  5:07  Adept x2  
  55  5:14  Pylon  
  55  5:20  Robotics Bay  
  55  5:28  Adept  
  57  5:29  Adept  
  59  5:56  Zealot x3  
  65  5:59  Shield Battery  
  65  6:09  Colossus (Chrono Boost)  
  69  6:21  Pylon  
  69  6:27  Pylon  
  69  6:29  Zealot  
  71  6:40  Adept x2  
  71  6:42  Pylon  
  75  6:47  Disruptor (Chrono Boost)  
  78  7:00  Pylon  
  78  7:14  Adept x3  
  62  7:37  Stalker x3  
  66  7:47  Warp Prism (Chrono Boost)  
  68  8:05  Stalker  
  70  8:13  Sentry x2  
  74  8:45  Stalker  
  74  8:46  Stalker  
  74  9:10  Zealot, Sentry x2  
Show
View Real Time Build Order
Export as new Build Order

Reaper Zerg 

Build Orders: Hatch First 

Get SALT Encoding   

  12  0:00  Drone  
  13  0:08  Drone  
  14  0:35  Hatchery  
  13  0:42  Extractor  
  12  0:53  Spawning Pool  
  11  0:57  Drone  
  11  1:02  Drone  
  13  1:06  Drone  
  14  1:40  Roach Warren  
  14  1:42  Metabolic Boost  
  13  1:47  Zergling x2  
  13  1:50  Zergling x4  
  13  1:51  Zergling x2  
  17  2:03  Drone  
  18  2:18  Drone  
  19  2:24  Overlord  
  19  2:32  Queen, Extractor  
  19  2:36  Overlord  
  21  2:46  Zergling x2  
  21  2:47  Zergling x4  
  21  2:48  Drone  
  25  2:54  Drone  
  26  3:02  Drone  
  27  3:06  Drone  
  27  3:08  Spore Crawler  
  27  3:15  Drone  
  28  3:28  Zergling x4, Drone  
  28  3:29  Queen  
  33  3:34  Overlord  
  33  3:39  Zergling x2  
  34  3:50  Roach  
  34  3:52  Overlord  
  34  3:53  Zergling x4  
  38  3:59  Roach  
  42  4:02  Roach  
  42  4:05  Zergling x2  
  43  4:17  Roach  
  43  4:18  Ravager  
  43  4:19  Zergling x6  
  43  4:24  Drone  
  50  4:25  Zergling x2  
  50  4:33  Zergling x2  
  51  4:42  Drone  
  51  4:43  Overlord  
  52  4:46  Spore Crawler, Extractor  
  52  4:47  Drone x2  
  52  4:50  Overlord  
  54  4:54  Spore Crawler  
  53  5:12  Zergling x2  
  53  5:13  Zergling x4  
  53  5:14  Drone, Roach x2  
  61  5:23  Zergling x2  
  61  5:26  Zergling x2  
  63  5:29  Queen  
  65  5:36  Overlord  
  65  5:37  Overlord  
  65  5:43  Queen  
  64  5:57  Drone x3  
  64  6:19  Queen  
  67  6:25  Zergling x2  
  67  6:26  Zergling x10  
  72  6:35  Ravager  
  73  6:43  Overlord  
  73  6:44  Zergling x6  
  76  6:48  Zergling x2  
  76  6:50  Ravager  
  76  6:51  Queen  
  80  6:59  Overlord  
  80  7:00  Zergling x2  
  78  7:15  Roach x2  
  65  7:21  Roach  
  56  7:25  Zergling x4  
  56  7:26  Zergling x8  
  60  7:35  Zergling x2  
  47  7:54  Hatchery  
  47  7:56  Zergling x2  
  47  8:02  Roach  
  49  8:11  Roach  
  51  8:13  Ravager  
  54  8:20  Roach  
  54  8:25  Roach  
  53  8:33  Roach  
  55  8:35  Zergling x4  
  56  8:45  Roach  
  46  9:03  Roach  
Tags
 
Add a new tag
Caveats
  • Supply blocks, unpowered buildings, or Contaminate may cause inaccurate times.
  • Supply counts are checked every 10 seconds.